 Dungeon Crawl Stone Soup version 0.29-a0-352-g0917bc69df (webtiles) character file.

Game seed: 2785434270944104431

13 NinjaNoafa the Ruffian (level 2, 13/23 HPs)
             Began as a Draconian Transmuter on Apr 24, 2022.
             Quit the game on level 1 of the Dungeon.
             The game lasted 00:00:50 (302 turns).

NinjaNoafa the Ruffian (Draconian Transmuter)        Turns: 302, Time: 00:00:50

Health: 13/23      AC:  4    Str: 12    XL:     2   Next: 24%
Magic:  5/5        EV: 12    Int: 13    God:
Gold:   29         SH:  0    Dex: 11    Spells: 4/5 levels left

rFire   + . .      SeeInvis .   e - +0 hand crossbow
rCold   x . .      Faith    .   (no shield)
rNeg    . . .      Spirit   .   (body armour unavailable)
rPois   .          Reflect  .   (helmet restricted)
rElec   .          Harm     .   (no cloak)
rCorr   .          Rampage  .   (no gloves)
Will    .....                   (no boots)
Stlth   +.........              (no amulet)
HPRegen 0.07/turn               g - ring of fire
MPRegen 0.09/turn               (no ring)

@: slowed, very slow
A: AC +4, unfitting armour, cold-blooded
a: no special abilities


You were on level 1 of the Dungeon.
You visited 1 branch of the dungeon, and saw 1 of its levels.

You collected 29 gold pieces.

Inventory:

Hand Weapons
 e - a +0 hand crossbow (weapon)
Jewellery
 g - a ring of fire (left hand)
Scrolls
 c - a scroll of enchant armour {unknown}
 d - 2 scrolls of identify {unknown}
 f - a scroll of fog {unknown}
 h - a scroll of torment {unknown}
Potions
 a - 2 potions of lignification
 b - a potion of attraction {unknown}
 i - a potion of brilliance {unknown}


   Skills:
 + Level 1.4 Fighting
 + Level 1.9 Dodging
 + Level 3.1 Unarmed Combat
 + Level 2.1 Spellcasting
 + Level 2.1 Transmutations
 + Level 0.5 Poison Magic


You had 4 spell levels left.
You knew the following spells:

 Your Spells              Type           Power      Damage    Failure   Level
a - Beastly Appendage     Tmut           12%        N/A       11%         1

Your spell library contained the following spells:

 Spells                   Type           Power      Damage    Failure   Level
 Wereblood                Tmut           6%         N/A       16%         2
 Spider Form              Tmut/Pois      4%         N/A       41%         3
 Ice Form                 Ice/Tmut       4%         N/A       85%         4


Dungeon Overview and Level Annotations

Branches:
Dungeon (1/15)

Altars:


Innate Abilities, Weirdness & Mutations

Your plain brown scales are hard. (AC +4)
You cannot fit into any form of body armour.
You are cold-blooded and may be slowed by cold attacks.


Message History

An endoplasm comes into view.
The endoplasm quivers.
You shoot a bolt. The bolt hits the endoplasm.
You kill the endoplasm!
You have reached level 2!
Found an escape hatch in the floor.
There is an escape hatch in the floor here.
There is an escape hatch in the floor here.
A bat comes into view.
You shoot a bolt. The bolt hits the bat.
You kill the bat!
No target in view!
No target in view!
You see here a bat corpse.
You now have 19 gold pieces (gained 11).
You now have 29 gold pieces (gained 10).
An endoplasm comes into view.
The endoplasm quivers.
An endoplasm is nearby!
You shoot a bolt. The bolt hits the endoplasm!
You kill the endoplasm!
No target in view!
No target in view!
A giant cockroach comes into view.
You shoot a bolt. The bolt hits the giant cockroach.
You kill the giant cockroach!
An endoplasm comes into view.
The endoplasm quivers.
An endoplasm is nearby!
You shoot a bolt.
The bolt hits the endoplasm but does no damage.
The endoplasm freezes you.
You are frozen.
You feel a terrible chill!
You feel yourself slow down.
You shoot a bolt. The bolt barely misses the endoplasm.
The endoplasm closely misses you. The endoplasm freezes you.
You are frozen.
You feel a terrible chill!
An endoplasm is nearby!
An endoplasm is nearby!
Are you sure you want to abandon this character and quit the game? (Confirm with "yes".)

#.......#
#.......##
#........
#.......
#......
####.....
#.....J.#######
#@.......
#.######. #.#
#.# #.#
#.#####.#
#.##....#
#.##.#### ###
#.##.# #..


You could see an endoplasm.

Vanquished Creatures
  3 bats (D:1)
  4 endoplasms (D:1)
  A giant cockroach (D:1)
  A goblin (D:1)
  A hobgoblin (D:1)
10 creatures vanquished.

Notes
Turn   | Place    | Note
-------+----------+-------------------------------------------
     0 | D:1      | NinjaNoafa the Draconian Transmuter began the quest for the
                  | Orb.
     0 | D:1      | Reached XP level 1. HP: 16/16 MP: 3/3
   169 | D:1      | Reached XP level 2. HP: 23/23 MP: 5/5
   302 | D:1      | Quit the game

Illustrated notes

Levels and vault maps discovered:
D:1:      lordsloth_arrival_two_stooges, layout_loops_ring

Action                   || total
-------------------------++-------
 Fire: Hand crossbow     ||    19
 Cast: Beastly Appendage ||     1
Dodge: Dodged            ||     3

Table legend: (Time is in decaauts)
 A = Elapsed time spent in this place.
 B = Non-inter-level travel time spent in this place.
 C = Inter-level travel time spent in this place.
 D = Time resting spent in this place.
 E = Time spent auto-exploring this place.
 F = Levels seen in this place.
 G = Mean time per level.
                   A        B        C        D        E       F      G
               +--------+--------+--------+--------+--------+-----+--------+
         Total |    311 |    311 |      0 |      0 |    249 |   1 |  311.0 |
       Dungeon |    311 |    311 |      0 |      0 |    249 |   1 |  311.0 |
               +--------+--------+--------+--------+--------+-----+--------+

Top non-repeatable levels by time:
     D:1: 311 daAuts
